 Dungeon Crawl Stone Soup version 0.30-a0-702-gdf48620a09 (webtiles) character file.

Game seed: 12442715216302639686

4544 bjtr the Fighter (level 10, -7/111 HPs)
             Began as an Ogre Hedge Wizard on Jan 21, 2023.
             Mangled by an iron imp (9 damage)
             ... on level 1 of the Dungeon.
             The game lasted 00:53:07 (10039 turns).

bjtr the Fighter (Ogre Hedge Wizard)               Turns: 10039, Time: 00:53:08

Health: -7/111     AC:  3    Str: 16    XL:     10   Next: 40%
Magic:  24/24      EV:  1    Int: 19    God:
Gold:   362        SH:  0    Dex: -6 (8) Spells: 9/29 levels left

rFire   . . .      SeeInvis .    b - +1 arbalest (flame)
rCold   . . .      Faith    .    (shield currently unavailable)
rNeg    . . .      Spirit   .    K - +0 robe
rPois   .          Reflect  .    c - +0 hat
rElec   .          Harm     .    (no cloak)
rCorr   .          Rampage  .    (gloves unavailable)
Will    +....                    (boots unavailable) Stlth
                                 i - amulet of magic regeneration
HPRegen 0.38/turn                e - ring of wizardry
MPRegen 0.59/turn                N - ring of wizardry

@: slowed, lost dexterity, very slow
A: large, unfitting armour, tough skin 1
a: no special abilities


You were on level 1 of the Dungeon.
You visited 2 branches of the dungeon, and saw 7 of its levels.
You also visited: Sewer.

You collected 362 gold pieces.

Inventory:

Hand Weapons
 a - a +3 mace of protection
 b - a +1 arbalest of flaming (weapon)
 f - a +0 hand axe
 g - a +0 trident
 j - a +0 sling
 l - a +1 antimagic mace
 o - a +0 flail
 p - a +1 heavy flail
 y - a +0 dagger
 B - a +0 sling
 C - a +2 short sword of chaos
Missiles
 h - 68 stones
 k - 6 curare-tipped darts
 m - a throwing net
 D - 20 poisoned darts
Armour
 c - a +0 hat (worn)
 F - a scarf of invisibility
 K - a +0 robe (worn)
Jewellery
 e - a ring of wizardry (left hand)
 i - an amulet of magic regeneration (around neck)
 H - a +6 ring of dexterity
 N - a ring of wizardry (right hand)
Wands
 v - a wand of flame (21)
 z - a wand of mindburst (10)
 E - a wand of paralysis (10)
Scrolls
 n - 7 scrolls of teleportation
 t - 2 scrolls of fog
 u - a scroll of vulnerability
 A - a scroll of enchant weapon
 I - 2 scrolls of fear
 J - 3 scrolls of identify
 O - a scroll of blinking {unknown}
Potions
 d - 2 potions of magic
 q - 3 potions of might
 r - a potion of ambrosia
 s - a potion of attraction
 w - a potion of curing
 x - 2 potions of mutation
 G - 3 potions of haste
 L - a potion of cancellation
 M - a potion of degeneration {unknown}


   Skills:
 * Level 10.8 Fighting
 + Level 0.1 Throwing
 + Level 5.4 Dodging
 - Level 1.4 Stealth
 + Level 3.5 Shields
 + Level 10.2 Spellcasting
 + Level 4.9 Conjurations
 + Level 5.2 Summonings
 + Level 0.8 Translocations
 + Level 3.2 Fire Magic
 + Level 3.2 Poison Magic


You had 9 spell levels left.
You knew the following spells:

 Your Spells              Type           Power      Damage    Failure   Level
a - Magic Dart            Conj           100%       1d8       1%          1
b - Call Imp              Summ           29%        N/A       1%          2
c - Slow                  Hex            36%        N/A       2%          1
d - Blink                 Tloc           24%        N/A       2%          2
e - Cigotuvi's Dreadful   Necr/Pois/Air  26%        N/A       1%          2
f - Mephitic Cloud        Conj/Pois/Air  20%        N/A       1%          3
g - Passwall              Tmut/Erth      7%         N/A       3%          2
h - Inner Flame           Hex/Fire       15%        N/A       3%          3
i - Flame Wave            Conj/Fire      25%        2d8       4%          4

Your spell library contained the following spells:

 Spells                   Type           Power      Damage    Failure   Level
 Ensorcelled Hibernation  Hex/Ice        18%        N/A       3%          2
 Sticky Flame             Conj/Fire      25%        2d5       4%          4
 Portal Projectile        Hex/Tloc       22%        N/A       5%          3
 Confusing Touch          Hex            9%         N/A       6%          3
 Swiftness                Air            9%         N/A       6%          3
 Tukima's Dance           Hex            9%         N/A       6%          3
 Vampiric Draining        Necr           9%         2d6       6%          3
 Blade Hands              Tmut           4%         N/A       45%         5


Dungeon Overview and Level Annotations

Branches:
Dungeon (6/15)             Temple (1/1) D:4           Sewer (visited)

Altars:
Ashenzari
Cheibriados
Dithmenos
Elyvilon
Fedhas
Gozag
Hepliaklqana
Makhleb
Nemelex Xobeh
Qazlal
Sif Muna
Trog
Uskayaw
Vehumet
Wu Jian
Xom
Zin
The Shining One
Lugonu

Shops:
D:4 (

Portals:
Abyss: D:1


Innate Abilities, Weirdness & Mutations

You are too large for most types of armour.
You have tough skin. (AC +1)


Message History

* * * LOW HITPOINT WARNING * * *
You swap places.
The iron imp barely misses your iron imp.
Your iron imp barely misses the iron imp.
The iron imp hits your iron imp.
Your iron imp closely misses the iron imp.
The iron imp closely misses your iron imp.
Your iron imp hits the iron imp.
The iron imp hits your iron imp!
Your iron imp closely misses the iron imp.
The iron imp hits your iron imp!
Your iron imp dies!
Your iron imp disappears in a puff of smoke!
Casting: Call Imp (safe; 1% risk of failure)
Confirm with . or Enter, or press ? or * to list all spells.
Aiming: Inner Flame (mildly dangerous; 3% risk of failure)
Press: ? - help, Dir - move target, f - iron imp
Aim: an iron imp (almost dead, chance to affect: 76%)
The iron imp is filled with an inner flame.
Fire: b) +1 arbalest (flame)
Press: ? - help, Shift-Dir - straight line, f/p - iron imp
Aim: an iron imp (almost dead, inner flame, 57% to hit)
You shoot a bolt.
The bolt hits the iron imp but does no damage.
The iron imp is almost dead.
Fire: b) +1 arbalest (flame)
Press: ? - help, Shift-Dir - straight line, f/p - iron imp
Aim: an iron imp (almost dead, inner flame, 57% to hit)
You shoot a bolt.
The bolt closely misses the iron imp. x2
The bolt hits the iron imp.
The iron imp is moderately wounded.
The iron imp hits you!
* * * LOW HITPOINT WARNING * * *
The iron imp hits you.
* * * LOW HITPOINT WARNING * * *
The iron imp disappears for a moment.
The iron imp attacks as you move away! The iron imp hits you.
* * * LOW HITPOINT WARNING * * *
The crimson imp puffs mist at you. The iron imp attacks as you move away!
The iron imp hits you!
You die...

######.####.# ####..
#.........# #.....
#....####.########
#..... #....#
#.##.....# #.....
###....# #....###.#
#..... ..#....# #.#..#
#.# #..... #.#....#
#.#..# #.# #.....
#.#....# #.##>###.#
####..... #.#....#
#.##..@#.######........
#.#....#
#.####.55.5.....#....##
#.###### #.#
###.########5...# #.#
#.# #.# #..5.# #.# #.#
#.# ##...## #.# #.####
#.# #..... #.# #....#
#.# ###### #.# ####.#
#.# #.# #####.# #.#


You could see 2 iron imps and a crimson imp.

Vanquished Creatures
  The ghost of sirJeffrey23 the Slasher, a novice BaGl of Cheibriados (D:5)
  An ogre (D:6)
  2 centaurs (D:6)
  A kobold brigand (D:4)
  A bullfrog (D:4)
  3 scorpions (D:6)
  A necrophage (D:6)
  Dowan (D:4)
  2 howler monkeys (D:5)
  A quasit (D:1)
  5 hounds (D:5)
  An iron imp (D:1)
  5 jellies
  An orc priest (D:5)
  2 iguanas (D:6)
  Natasha (D:2)
  2 orc wizards
  2 gnolls (D:2)
  4 adders
  4 river rats
  A white imp (D:6)
  An ufetubus (D:6)
  2 dart slugs
  20 orcs
  7 ball pythons
  12 endoplasms
  5 giant cockroaches
  5 goblins
  7 hobgoblins
  10 kobolds
  4 quokkas
  3 bats
  2 frilled lizards
  12 rats
132 creatures vanquished.

Vanquished Creatures (collateral kills)
  The ghost of bronco the Ruffian, an amateur TrBr (D:4)
  Duvessa (D:4)
  A scorpion (D:6)
  A jelly (Sewer)
  A quasit (D:1)
  An orc priest (D:4)
  Jessica (D:3)
  2 iguanas
  Natasha (twice) (D:2)
  2 gnolls (D:2)
  4 adders
  A river rat (D:6)
  2 worms
  6 orcs
  2 ball pythons (D:2)
  A bat (D:1)
  2 endoplasms (Sewer)
  3 giant cockroaches (Sewer)
  2 frilled lizards (Sewer)
  2 kobolds (D:4)
  A rat (Sewer)
39 creatures vanquished.

Vanquished Creatures (others)
  An orc wizard (D:6)
  A fungus (D:4)
  5 plants (D:4)
7 creatures vanquished.

Grand Total: 178 creatures vanquished

Notes
Turn   | Place    | Note
-------+----------+-------------------------------------------
     0 | D:1      | bjtr the Ogre Hedge Wizard began the quest for the Orb.
     0 | D:1      | Reached XP level 1. HP: 16/16 MP: 5/5
   197 | D:1      | Reached skill level 1 in Conjurations
   199 | D:1      | Reached XP level 2. HP: 26/26 MP: 1/7
   256 | D:1      | Found a large runed translucent door.
   256 | D:1      | Found a large runed translucent door.
   258 | D:1      | Found a corrupted altar of Lugonu.
   258 | D:1      | Found a one-way gate to the infinite horrors of the Abyss.
   258 | D:1      | Noticed a crimson imp
   260 | D:1      | Noticed a crimson imp
   316 | D:1      | Learned a level 2 spell: Call Imp
   902 | D:1      | Learned a level 1 spell: Slow
   905 | D:1      | Learned a level 2 spell: Blink
   908 | D:1      | Learned a level 2 spell: Cigotuvi's Dreadful Rot
  1405 | D:2      | Reached XP level 3. HP: 32/32 MP: 3/8
  1407 | D:2      | Reached skill level 1 in Fighting
  1545 | D:2      | Noticed Natasha
  1549 | D:2      | Killed Natasha
  1612 | D:2      | Noticed Natasha
  1626 | D:2      | Reached XP level 4. HP: 41/41 MP: 6/10
  1630 | D:2      | Killed Natasha
  1631 | D:2      | Reached skill level 5 in Spellcasting
  1766 | D:2      | Noticed Natasha
  1772 | D:2      | Killed Natasha
  1773 | D:2      | Reached skill level 1 in Summonings
  1773 | D:2      | Reached XP level 5. HP: 41/49 MP: 7/12
  2359 | D:2      | HP: 2/50 [gnoll/+0 whip (4)]
  3083 | D:3      | Found a faded altar of an unknown god.
  3454 | D:3      | Noticed Jessica
  3492 | D:3      | Killed Jessica
  3510 | D:3      | Reached XP level 6. HP: 44/61 MP: 9/14
  3610 | D:3      | Learned a level 3 spell: Mephitic Cloud
  3613 | D:3      | Learned a level 2 spell: Passwall
  3902 | D:4      | Found a staircase to the Ecumenical Temple.
  3910 | Temple   | Entered the Ecumenical Temple
  4421 | D:4      | Noticed Dowan
  4436 | D:4      | Killed Dowan
  4586 | D:4      | Noticed Duvessa
  4601 | D:4      | Killed Duvessa
  4602 | D:4      | Reached XP level 7. HP: 13/71 MP: 16/16
  5081 | D:4      | Found Geweib's Weapon Shoppe.
  5512 | D:4      | Found a runed translucent gate.
  5512 | D:4      | Found a runed translucent gate.
  5512 | D:4      | Found a runed translucent gate.
  5513 | D:4      | Noticed bronco's ghost (amateur TrBr)
  5806 | D:4      | Killed bronco's ghost
  5807 | D:4      | Reached skill level 5 in Fighting
  5807 | D:4      | Reached XP level 8. HP: 35/81 MP: 18/18
  6085 | D:5      | Entered Level 5 of the Dungeon
  6116 | D:5      | Found a runed translucent door.
  6122 | D:5      | Noticed sirJeffrey23's ghost (novice BaGl)
  7117 | D:5      | Killed sirJeffrey23's ghost
  7521 | D:6      | Reached XP level 9. HP: 43/93 MP: 21/21
  7703 | D:6      | Found a glowing drain.
  7719 | Sewer    | Entered a sewer
  8137 | Sewer    | Found a viscous altar of Jiyva.
  8725 | D:6      | Learned a level 3 spell: Inner Flame
  8730 | D:6      | Learned a level 4 spell: Flame Wave
  8752 | D:6      | Reached skill level 10 in Fighting
  8752 | D:6      | Reached skill level 5 in Dodging
  8752 | D:6      | Reached skill level 5 in Summonings
  8752 | D:6      | Reached XP level 10. HP: 111/111 MP: 21/23
  9057 | D:6      | Reached skill level 10 in Spellcasting
  9992 | D:1      | Lost dexterity.
 10037 | D:1      | HP: 4/111 [iron imp (5)]
 10038 | D:1      | HP: 1/111 [iron imp (3)]
 10039 | D:1      | Mangled by an iron imp

Illustrated notes

Levels and vault maps discovered:
D:1:      erik_arrival_cave_to_civilisation [erik_arrival_cave_to_temple],
          layout_basic
D:2:      layout_basic, uniq_natasha
D:3:      layout_rooms, basic_ecumenical_altar, supply_closet_lemuel,
          uniq_jessica
D:4:      layout_loops_ring, minmay_temple_entry_gardened_gates,
          gammafunk_ghost_nasty_kobolds, serial_shops, shop,
          nicolae_hexahallways, uniq_duvessa
D:5:      layout_basic, ebering_ghost_sewer_d
D:6:      layout_loops_ring, portal_sewer_entry_b, chequers_serial_rivers_marsh,
          grunt_ministairs_2, minmay_fractal_squares_diagonal_5
Temple:   eino_narrow_crystal_temple

Skill      XL: |  1  2  3  4  5  6  7  8  9 10 |
---------------+-------------------------------+-----
Spellcasting   | 4 5 6 7 8 9 10 | 10.2
Conjurations   | 1 2 3 4 |  4.9
Fighting       | 1 2 3 4 5 7 10 | 10.8
Dodging        | 2 3 5 |  5.4
Summonings     | 1 2 3 5 |  5.2
Shields        | 3 |  3.5
Fire Magic     | 3 |  3.2
Poison Magic   | 3 |  3.2
Throwing       | |  0.1
Stealth        | |  1.4
Translocations | |  0.8

Action                   |  1- 3 |  4- 6 |  7- 9 | 10-12 || total
-------------------------+-------+-------+-------+-------++-------
Melee: Dagger            |     6 |       |     6 |       ||    12
       Hand axe          |     9 |       |       |       ||     9
       Trident           |    16 |    42 |       |       ||    58
       Punch             |     1 |       |     6 |       ||     7
       Flail             |       |    28 |       |       ||    28
       Mace              |       |    16 |   172 |    30 ||   218
 Fire: Arbalest          |       |       |    27 |    19 ||    46
Throw: Dart              |       |       |     1 |       ||     1
 Cast: Magic Dart        |    43 |    85 |    24 |     1 ||   153
       Call Imp          |     3 |    18 |    33 |    10 ||    64
       Blink             |       |     1 |     2 |       ||     3
       Slow              |       |     1 |       |       ||     1
       Cigotuvi's Dreadf |       |       |     1 |       ||     1
       Inner Flame       |       |       |       |     8 ||     8
       Mephitic Cloud    |       |       |       |     1 ||     1
Evoke: Wand              |       |     1 |       |       ||     1
  Use: Potion            |     1 |     4 |     2 |       ||     7
       Scroll            |     1 |     4 |     9 |       ||    14
 Stab: Sleeping          |       |     2 |     4 |       ||     6
Armor: Robe              |    13 |    33 |    91 |    77 ||   214
       Skin              |       |     1 |       |       ||     1
Dodge: Dodged            |    14 |    56 |   157 |    64 ||   291

Table legend: (Time is in decaauts)
 A = Elapsed time spent in this place.
 B = Non-inter-level travel time spent in this place.
 C = Inter-level travel time spent in this place.
 D = Time resting spent in this place.
 E = Time spent auto-exploring this place.
 F = Levels seen in this place.
 G = Mean time per level.
                   A        B        C        D        E       F      G
               +--------+--------+--------+--------+--------+-----+--------+
         Total |  10233 |   9954 |    279 |   2659 |   4911 |   8 | 1279.1 |
       Dungeon |   9253 |   8983 |    270 |   2226 |   4577 |   6 | 1542.2 |
        Temple |    238 |    229 |      9 |      0 |    215 |   1 |  238.0 |
         Sewer |    740 |    740 |      0 |    433 |    119 |   1 |  740.0 |
               +--------+--------+--------+--------+--------+-----+--------+

Top non-repeatable levels by time:
     D:1: 2062 daAuts
     D:4: 2053 daAuts
     D:6: 1676 daAuts
     D:5: 1293 daAuts
     D:2: 1161 daAuts
     D:3: 1006 daAuts
   Sewer: 740 daAuts
  Temple: 238 daAuts
